 Dungeon Crawl Stone Soup version 0.29-a0-563-g64e4043184 (webtiles) character file.

Game seed: 6178914021103210808

599 Anon1729 the Chopper (level 7, 0/61 HPs)
             Began as a Minotaur Monk on June 12, 2022.
             Was a Priest of Makhleb.
             Slain by a killer bee (8 damage)
             ... on level 4 of the Dungeon.
             The game lasted 00:02:40 (3192 turns).

Anon1729 the Chopper (Minotaur Monk)                Turns: 3192, Time: 00:02:41

Health: 0/61       AC:  6    Str: 17    XL:     7   Next: 17%
Magic:  8/8        EV: 12    Int:  7    God:    Makhleb [***...]
Gold:   137        SH:  0    Dex: 13    Spells: 6/6 levels left

rFire   + . .      SeeInvis .   a - +1 war axe (vorpal)
rCold   + . .      Faith    .   (no shield)
rNeg    . . .      Spirit   .   h - +0 leather armour
rPois   +          Reflect  .   (helmet restricted)
rElec   +          Harm     .   s - +2 cloak
rCorr   +          Rampage  .   (no gloves)
Will    .....                   (no boots)
Stlth   +.........              (no amulet)
HPRegen 0.20/turn               (no ring)
MPRegen 0.11/turn               (no ring)

@: confused, lethally poisoned (0 -> -12), resistant, ambrosia-drunk
A: horns 2, retaliatory headbutt
a: Renounce Religion, Minor Destruction, Lesser Servant of Makhleb


You were on level 4 of the Dungeon.
You worshipped Makhleb.
Makhleb was most pleased with you.
You visited 1 branch of the dungeon, and saw 4 of its levels.

You collected 137 gold pieces.

Inventory:

Hand Weapons
 a - a +1 vorpal war axe (weapon)
Missiles
 l - 6 throwing nets (quivered)
Armour
 h - a +0 leather armour (worn)
 s - a +2 cloak (worn)
Scrolls
 b - 5 scrolls of identify {unknown}
 e - a scroll of fog {unknown}
 f - a scroll of blinking {unknown}
 i - a scroll of summoning {unknown}
 k - 3 scrolls of teleportation {unknown}
 o - a scroll of silence {unknown}
 p - a scroll of torment {unknown}
 t - 2 scrolls of brand weapon {unknown}
 v - a scroll of vulnerability {unknown}
Potions
 d - a potion of resistance
 g - a potion of flight {unknown}
 j - 2 potions of mutation {unknown}
 m - a potion of heal wounds {unknown}
 n - a potion of berserk rage {unknown}
 q - a potion of curing {unknown}
 r - a potion of attraction {unknown}
 u - a potion of haste {unknown}


   Skills:
 + Level 5.5 Fighting
 * Level 6.9 Axes
 + Level 3.7 Armour
 - Level 3.2 Dodging
 - Level 1.5 Stealth
 + Level 3.2 Invocations


You had 6 spell levels left.
You didn't know any spells.
Your spell library contained the following spells:

 Spells                   Type           Power      Damage    Failure   Level
 Static Discharge         Conj/Air       0%         N/A       63%         2
 Inner Flame              Hex/Fire       0%         N/A       86%         3
 Cause Fear               Hex            0%         N/A       99%         4
 Dispel Undead            Necr           0%         3d6       99%         4
 Sticky Flame             Conj/Fire      0%         2d3       99%         4
 Fireball                 Conj/Fire      0%         3d3       100%        5
 Starburst                Conj/Fire      0%         6d3       100%        6
 Discord                  Hex            0%         N/A       100%        8
 Ignition                 Fire           0%         3d3       100%        8


Dungeon Overview and Level Annotations

Branches:
Dungeon (4/15)
 Temple: D:4-7

Altars:
Makhleb


Innate Abilities, Weirdness & Mutations

You have a pair of horns on your head.
You reflexively headbutt those who attack you in melee.


Message History

The killer bee closely misses you.
You slash the killer bee!
You kill the killer bee!
Makhleb accepts your kill.
You feel better.
You barely miss the killer bee. You slash the killer bee!
You feel sick. The killer bee stings you. The killer bee stings you!
The killer bee stings you. The killer bee stings you!
* * * LOW HITPOINT WARNING * * *
You are lethally poisoned!
The killer bee poisons you! The killer bee barely misses you.
The killer bee stings you.
* * * LOW HITPOINT WARNING * * *
You are more poisoned.
The killer bee poisons you!
You are too injured to fight recklessly!
You are too injured to fight recklessly!
You are too injured to fight recklessly!
You are too injured to fight recklessly!
You are too injured to fight recklessly!
You are too injured to fight recklessly!
You are too injured to fight recklessly!
You are too injured to fight recklessly!
You are too injured to fight recklessly!
You are too injured to fight recklessly!
You are too injured to fight recklessly!
You are too injured to fight recklessly!
You are too injured to fight recklessly!
You are confused.
You feel invigorated.
* * * LOW HITPOINT WARNING * * *
You feel very sick. The killer bee misses you. x2
The killer bee stings you but does no damage.
The killer bee barely misses you.
It was a potion of resistance.
You feel protected.
* * * LOW HITPOINT WARNING * * *
You feel very sick. The killer bee barely misses you.
The killer bee stings you!
You die...

#....##........
...#####........#. ..##
##.......... .#
#.......... ##.##..#...
########..##....##
...............#########
######..........†y......
#..........@y......
#....###.##########
#####..### ### #.....##
#######


You could see 2 killer bees.

Vanquished Creatures
  Grinder (D:3)
  A scorpion (D:3)
  3 killer bees (D:4)
  An orc priest (D:3)
  6 gnolls
  3 adders
  3 worms
  3 dart slugs
  12 orcs (D:3)
  7 ball pythons
  5 bats
  7 endoplasms
  3 giant cockroaches
  3 goblins
  A hobgoblin (D:1)
  2 quokkas (D:2)
  2 frilled lizards
  14 kobolds
  4 rats
81 creatures vanquished.

Notes
Turn   | Place    | Note
-------+----------+-------------------------------------------
     0 | D:1      | Anon1729 the Minotaur Monk began the quest for the Orb.
     0 | D:1      | Reached XP level 1. HP: 19/19 MP: 0/0
   193 | D:1      | Reached XP level 2. HP: 25/27 MP: 1/1
   199 | D:1      | Reached skill level 4 in Axes
   599 | D:2      | Reached skill level 1 in Armour
   633 | D:2      | Reached skill level 1 in Invocations
   633 | D:2      | Reached XP level 3. HP: 26/33 MP: 2/2
  1513 | D:3      | Found a faded altar of an unknown god.
  1527 | D:3      | Prayed at the altar of an unknown god.
  1527 | D:3      | Became a worshipper of Makhleb the Destroyer
  1527 | D:3      | Reached * piety under Makhleb
  1527 | D:3      | Reached ** piety under Makhleb
  1572 | D:3      | Noticed a scorpion
  1575 | D:3      | Reached XP level 4. HP: 34/40 MP: 4/4
  1579 | D:3      | Killed a scorpion
  1580 | D:3      | Reached skill level 5 in Axes
  1683 | D:3      | Reached XP level 5. HP: 30/47 MP: 5/5
  1684 | D:3      | Reached *** piety under Makhleb
  2333 | D:3      | Noticed Grinder
  2342 | D:3      | Paralysed by Grinder for 5 turns
  2348 | D:3      | Killed Grinder
  2349 | D:3      | Reached skill level 5 in Fighting
  2349 | D:3      | Reached skill level 6 in Axes
  2349 | D:3      | Reached XP level 6. HP: 8/56 MP: 5/7
  3189 | D:4      | Reached XP level 7. HP: 39/61 MP: 8/8
  3192 | D:4      | Slain by a killer bee

Illustrated notes

Levels and vault maps discovered:
D:1:      onia_arrival_pyramid, layout_basic
D:2:      layout_rooms, minmay_stone_trees_small, minmay_pentomino_p2
D:3:      layout_basic, serial_forest, infiniplex_forest_lined_2,
          infiniplex_forest_clump_diagonal, infiniplex_forest_end_2,
          infiniplex_forest_straight_2, infiniplex_forest_clump_small,
          infiniplex_forest_straight_5, shapermc_ecumenical_altar_starsandcircs,
          minmay_misc_feat_x, serial_bayou_lagoon_a, minmay_diced_spiral,
          uniq_grinder
D:4:      layout_rooms, serial_shops, nicolae_lakefront_shop

Skill      XL: |  1  2  3  4  5  6 |
---------------+-------------------+-----
Axes           | 4 5 6 |  6.9
Armour         | 1 2 3 |  3.7
Fighting       | 4 5 |  5.5
Invocations    | 1 2 3 |  3.2
Dodging        | |  3.2
Stealth        | |  1.5

Action                   |  1- 3 |  4- 6 |  7- 9 || total
-------------------------+-------+-------+-------++-------
Melee: Hand axe          |    32 |       |       ||    32
       Headbutt          |     8 |     4 |       ||    12
       War axe           |    33 |    73 |     2 ||   108
       Punch             |       |     1 |       ||     1
  Use: Potion            |       |       |     2 ||     2
 Stab: Sleeping          |     1 |     2 |       ||     3
Armor: Robe              |     3 |       |       ||     3
       Leather armour    |    17 |    11 |     2 ||    30
Dodge: Dodged            |    42 |    49 |     9 ||   100

Table legend: (Time is in decaauts)
 A = Elapsed time spent in this place.
 B = Non-inter-level travel time spent in this place.
 C = Inter-level travel time spent in this place.
 D = Time resting spent in this place.
 E = Time spent auto-exploring this place.
 F = Levels seen in this place.
 G = Mean time per level.
                   A        B        C        D        E       F      G
               +--------+--------+--------+--------+--------+-----+--------+
         Total |   3233 |   3186 |     47 |      0 |   2745 |   4 |  808.2 |
       Dungeon |   3233 |   3186 |     47 |      0 |   2745 |   4 |  808.2 |
               +--------+--------+--------+--------+--------+-----+--------+

Top non-repeatable levels by time:
     D:3: 1832 daAuts
     D:2: 718 daAuts
     D:1: 488 daAuts
     D:4: 194 daAuts
